 Dungeon Crawl Stone Soup version 0.16-a0-3197-g5046a99 (webtiles) character file.

2940 Ololoev the Destroyer (level 9, -3/45 HPs)
             Began as an Octopode Ice Elementalist on Dec 18, 2014.
             Was a Priest of Vehumet.
             Slain by Garrluk's ghost (10 damage)
             ... on level 8 of the Dungeon.
             The game lasted 00:31:10 (9848 turns).

Ololoev the Destroyer (Octopode Ice Elementalist)   Turns: 9848, Time: 00:31:10

Health: -3/45      AC:  4    Str:  4    XL:     9   Next: 80%
Magic:  3/16       EV: 12    Int: 20    God:    Vehumet [***...]
Gold:   367        SH:  0    Dex: 13    Spells: 4 memorised, 3 levels left

rFire  . . .     SeeInvis .     C - +2 rapier (distort)
rCold  . . .     Clarity  .     (no shield)
rNeg   . . .     SustAb   .     l - +0 hat {MR+}
rPois  .         Gourm    .     (no amulet)
rElec  .         Spirit   .     e - +3 ring of protection
rCorr  .         Warding  .     m - -3 ring of strength (curse)
rMut   .         Stasis   .     D - ring of wizardry
MR     +....                    (no ring)
Stlth  +++.......               (no ring)
                                (no ring)
                                (no ring)
                                (no ring)

@: somewhat resistant to hostile enchantments, fairly stealthy
A: almost no armour, amphibious, 8 rings, constrict 8, camouflage 1, deformed
body, frail 1, gelatinous body 1
a: Renounce Religion


You were on level 8 of the Dungeon.
You worshipped Vehumet.
Vehumet was most pleased with you.
You were hungry.

You visited 1 branch of the dungeon, and saw 8 of its levels.

You collected 367 gold pieces.

Notes
Turn   | Place    | Note
--------------------------------------------------------------
     0 | D:1      | Ololoev, the Octopode Ice Elementalist, began the quest for the Orb.
     0 | D:1      | Reached XP level 1. HP: 11/11 MP: 3/3
   492 | D:1      | Reached XP level 2. HP: 7/17 MP: 1/4
  1020 | D:1      | Reached XP level 3. HP: 21/21 MP: 6/6
  1251 | D:1      | Reached skill level 4 in Ice Magic
  1617 | D:2      | Reached XP level 4. HP: 11/27 MP: 4/8
  2146 | D:2      | Found an iron altar of Okawaru.
  2161 | D:2      | Reached skill level 1 in Short Blades
  2509 | D:3      | Learned a level 4 spell: Throw Icicle
  2511 | D:3      | Noticed kusayu's ghost (average SpEn)
  2751 | D:3      | Found a glowing silver altar of Zin.
  2756 | D:3      | Found a glowing golden altar of the Shining One.
  2970 | D:4      | Noticed Uberwunderbarhen's ghost (experienced SpEn)
  3020 | D:4      | Killed Uberwunderbarhen's ghost
  3020 | D:4      | Reached skill level 5 in Ice Magic
  3020 | D:4      | Reached XP level 5. HP: 26/31 MP: 9/9
  3020 | D:4      | Reached XP level 6. HP: 30/36 MP: 11/11
  3386 | D:3      | Killed kusayu's ghost
  3625 | D:3      | Found a radiant altar of Vehumet.
  3647 | D:3      | Became a worshipper of Vehumet
  3720 | D:4      | Found a burning altar of Makhleb.
  3722 | D:4      | Noticed Ijyb
  3740 | D:4      | Killed Ijyb
  4058 | D:4      | Got a bloodstained longbow
  4059 | D:4      | Identified the +5 longbow of the Egg {speed, rC+ Int-2} (You found it on level 4 of the Dungeon)
  4090 | D:4      | Noticed an ogre
  4109 | D:4      | Killed an ogre
  4109 | D:4      | Reached XP level 7. HP: 41/41 MP: 1/13
  4549 | D:4      | Found a sacrificial altar of Ru.
  5044 | D:4      | Reached skill level 5 in Conjurations
  5046 | D:4      | Acquired Vehumet's first power
  5046 | D:4      | Offered knowledge of Magic Dart by Vehumet.
  5162 | D:4      | Found a staircase to the Ecumenical Temple.
  5199 | D:5      | Entered Level 5 of the Dungeon
  5598 | D:5      | Reached skill level 6 in Ice Magic
  5598 | D:5      | Reached XP level 8. HP: 46/46 MP: 14/14
  5696 | D:5      | Gained mutation: You are frail (-10% HP). [mutagenic meat]
  5697 | D:5      | Gained mutation: Your body is misshapen. [mutagenic meat]
  5816 | D:5      | Noticed a hungry ghost
  5836 | D:5      | Killed a hungry ghost
  6736 | D:6      | Found an ancient bone altar of Kikubaaqudgha.
  6819 | D:6      | Reached skill level 7 in Conjurations
  6994 | D:6      | Offered knowledge of Searing Ray by Vehumet.
  7003 | D:6      | Learned a level 2 spell: Searing Ray
  7129 | D:6      | HP: 1/41 [wight/war axe of freezing (2)]
  7130 | D:6      | Reached XP level 9. HP: 1/45 MP: 2/16
  7471 | D:6      | Reached skill level 5 in Short Blades
  7912 | D:6      | Noticed Eustachio
  7932 | D:6      | Killed Eustachio
  8215 | D:6      | Reached skill level 8 in Conjurations
  8970 | D:7      | Offered knowledge of Mephitic Cloud by Vehumet.
  8984 | D:6      | Learned a level 3 spell: Mephitic Cloud
  9431 | D:7      | Acquired Vehumet's second power
  9744 | D:8      | Reached skill level 9 in Conjurations
  9830 | D:8      | Noticed Garrluk's ghost (experienced HEFE)
  9848 | D:8      | Slain by Garrluk's ghost

Inventory:

Hand weapons
 C - a +2 rapier of distortion (weapon)
Armour
 l - a +0 hat of magic resistance (worn)
Jewellery
 e - a +3 ring of protection (left tentacle)
 m - a cursed -3 ring of strength (right tentacle)
 D - a ring of wizardry (on tentacle)
Magical devices
 y - a wand of cold (1)
Scrolls
 a - a scroll of blinking
 d - a scroll of recharging {unknown}
 f - 2 scrolls of immolation {unknown}
 h - a scroll of fear {unknown}
 o - 2 scrolls of enchant armour {unknown}
 p - 2 scrolls of amnesia
 s - a scroll of random uselessness {unknown}
 t - 2 scrolls of noise {unknown}
 v - a scroll of fog {unknown}
 w - a scroll of teleportation {unknown}
 z - 2 scrolls of remove curse {unknown}
 A - a scroll of summoning {unknown}
 B - a scroll of enchant weapon {unknown}
Potions
 g - 4 potions of curing
 i - a potion of mutation {unknown}
 j - a potion of lignification {unknown}
 n - a potion of agility {unknown}
 r - a potion of berserk rage
 u - 2 potions of heal wounds {unknown}
Books
 b - a book of Frost

   Spells                             Type                      Level
   a - Freeze                         Ice                          1
   b - Throw Frost                    Conjuration/Ice              2
   c - Ozocubu's Armour               Charms/Ice                   3
   d - Throw Icicle                   Conjuration/Ice              4
   e - Summon Ice Beast               Ice/Summoning                4
   f - Condensation Shield            Ice                          4
Comestibles
 c - 5 bread rations
 k - 3 chunks of flesh
 q - 2 slices of pizza
 x - 2 meat rations
 E - 24 fruits

Table legend:
 A = Turns spent in this place as a percentage of turns spent in the entire game.
 B = Non-inter-level travel turns spent in this place as a percentage of non-inter-level travel turns spent in the entire game.
 C = Inter-level travel turns spent in this place as a percentage of turns spent in this place.
 D = Turns resting spent in this place as a percentage of non-inter-level travel turns spent in this place.
 E = Turns spent auto-exploring this place as a percentage of non-inter-level travel turns spent in this place.
 F = Non-inter-level travel turns spent in this place divided by the number of levels of this place that you've seen.
                   A       B       C       D       E      F
               +-------+-------+-------+-------+-------+----------------------
         Total | 100.0 | 100.0 |   0.5 |   7.9 |  10.4 | 265.9
       Dungeon | 100.0 | 100.0 |   0.5 |   7.9 |  10.4 | 265.9
               +-------+-------+-------+-------+-------+----------------------


   Skills:
 + Level 6.0 Short Blades
 - Level 2.0 Dodging
 - Level 2.6 Stealth
 - Level 2.7 Spellcasting
 * Level 9.0 Conjurations
 + Level 7.9 Ice Magic


You had 3 spell levels left.
You knew the following spells:

 Your Spells              Type           Power        Failure   Level  Hunger
a - Freeze                Ice            ####         1%          1    None
b - Throw Icicle          Conj/Ice       #####...     1%          4    ####...
c - Searing Ray           Conj           #####.       1%          2    ##.....
d - Mephitic Cloud        Conj/Pois/Air  ##......     1%          3    ###....


Dungeon Overview and Level Annotations

Branches:
Dungeon (8/15)             Temple (0/1) D:4
   Lair: D:8-11

Altars:
Kikubaaqudgha
Makhleb
Okawaru
Ru
Vehumet
Zin
The Shining One

Annotations:
D:8 Garrluk's ghost, experienced HEFE


Innate Abilities, Weirdness & Mutations

You cannot wear most types of armour.
You are amphibious.
You can wear up to eight rings at the same time.
You can use your tentacles to constrict many enemies at once.
Your skin changes colour to match your surroundings (Stealth).
Your rubbery body absorbs attacks (AC +1).
Your body is misshapen.
You are frail (-10% HP).


Message History

Okay, then.
Really walk into that cloud of flame?
You are engulfed in roaring flames.
You hit Garrluk's ghost.
Space warps horribly around Garrluk's ghost!
Garrluk's ghost is moderately damaged.
Garrluk's ghost is engulfed in roaring flames.
Garrluk's ghost hits you.
You closely miss Garrluk's ghost.
Garrluk's ghost is moderately damaged.
You hit Garrluk's ghost but do no damage.
Space bends around Garrluk's ghost.
You squeeze Garrluk's ghost.
Garrluk's ghost is heavily damaged.
Garrluk's ghost hits you!
You barely miss Garrluk's ghost. You squeeze Garrluk's ghost.
Garrluk's ghost is heavily damaged.
Garrluk's ghost is engulfed in roaring flames.
Garrluk's ghost laughs crazily.
Garrluk's ghost hits you!
Evoke which item? (* to show all) (? for menu, Esc to quit)
Okay, then.
Casting: Throw Icicle
Confirm with . or Enter, or press ? or * to list all spells.
Aiming: Throw Icicle
Press: ? - help, Shift-Dir - straight line, f - Garrluk's ghost
Aim: Garrluk's ghost (flame, heavily damaged)
The shard of ice hits Garrluk's ghost.
Garrluk's ghost is severely damaged.
Garrluk's ghost is engulfed in roaring flames.
Garrluk's ghost closely misses you.
Casting: Throw Icicle
Confirm with . or Enter, or press ? or * to list all spells.
Aiming: Throw Icicle
Press: ? - help, Shift-Dir - straight line, f/p - Garrluk's ghost
Aim: Garrluk's ghost (flame, severely damaged)
The shard of ice hits Garrluk's ghost.
Garrluk's ghost is almost destroyed.
You are feeling hungry.
Garrluk's ghost hits you!
You die...

<....##........#
##..P.###
......'........#
#........
.....##........#
##....### . ##.......#
+....# ##..†..##
+....# ##>..## ##....#
##Y## #.....# #W#
##..P.# #@# #.....#
##.## ##....# ##...###
#.##.# #......##
#....#
##).....########.#
...###..............#
#...........##########
#########.## ###


You could see an ice beast and Garrluk's ghost.

Table legend:
 A = Kills in this place as a percentage of kills in entire the game.
 B = Kills by you in this place as a percentage of kills by you in the entire game.
 C = Kills by friends in this place as a percentage of kills by friends in the entire game.
 D = Other kills in this place as a percentage of other kills in the entire game.
 E = Experience gained in this place as a percentage of experience gained in the entire game.
 F = Experience gained in this place divided by the number of levels of this place that you have seen.
                   A       B       C       D       E      F
               +-------+-------+-------+-------+-------+----------------------
         Total | 100.0 | 100.0 |  -nan | 100.0 | 100.0 | 525.1
       Dungeon | 100.0 | 100.0 |  -nan | 100.0 | 100.0 | 525.1
               +-------+-------+-------+-------+-------+----------------------

Vanquished Creatures
  The ghost of Uberwunderbarhen the Covert, an experienced SpEn of Ashenzari (D:4)
  Eustachio (D:6)
  A hungry ghost (D:5)
  A phantom (D:5)
  6 ogres
  A sky beast (D:5)
  3 orc warriors
  A centaur (D:5)
  A giant frog (D:7)
  The ghost of kusayu the Sneak, an average SpEn (D:3)
  3 scorpions
  A water moccasin skeleton (D:6)
  5 wights (D:6)
  3 killer bees (D:7)
  A goliath beetle (D:6)
  2 hounds
  A crimson imp (D:5)
  3 orc priests
  A centaur zombie (D:7)
  A jelly (D:5)
  3 orc wizards
  A centaur skeleton (D:4)
  3 worker ants
  Ijyb (D:4)
  A hound skeleton (D:5)
  6 adders
  A worker ant zombie (D:5)
  5 gnolls
  A worm (D:6)
  4 adder skeletons
  An adder zombie (D:6)
  5 giant geckos
  2 oozes
  22 orcs
  2 ball pythons (D:5)
  18 bats
  2 bat skeletons
  A bat zombie (D:5)
  4 giant cockroaches
  11 goblins
  13 hobgoblins
  6 jackals
  4 quokkas
  A giant gecko skeleton (D:7)
  3 giant newts
  A giant spore (D:6)
  A jackal skeleton (D:5)
  19 kobolds
  13 rats
  A ballistomycete (D:6)
194 creatures vanquished.

Vanquished Creatures (others)
  A centaur skeleton (D:7)
1 creature vanquished.

Grand Total: 195 creatures vanquished

Action                   |  1- 3 |  4- 6 |  7- 9 || total
-------------------------+-------+-------+-------++-------
Melee: Unarmed           |    73 |       |       ||    73
       Dagger            |    27 |    97 |   144 ||   268
       Rapier            |       |       |    79 ||    79
 Cast: Freeze            |    10 |     6 |     8 ||    24
       Throw Icicle      |       |     2 |    35 ||    37
       Searing Ray       |       |       |    24 ||    24
       Mephitic Cloud    |       |       |     6 ||     6
Evoke: Wand              |       |       |     1 ||     1
  Use: Scroll            |       |     2 |     3 ||     5
 Stab: Sleeping          |     8 |     5 |    11 ||    24
       Confused          |       |       |     5 ||     5
  Eat: Chunk             |     2 |     1 |    28 ||    31
       Bread ration      |       |     1 |       ||     1
       Fruit             |       |     1 |       ||     1
       Pizza             |       |     1 |       ||     1
       Beef jerky        |       |       |     1 ||     1

Vault maps used:
D:1:      grunt_arrival_lava_bath
D:2:      okawaru_altar_gauntlet_db, minmay_crystal_room
D:3:      lemuel_doored_altar, minitemple, first_bread
D:4:      nicolae_ru_path_of_blood, nicolae_overflow_crystal_walls,
          minmay_temple_entry_crystal_x, uniq_iyjb
D:6:      kiku_gazebo_garden_becter, uniq_eustachio
D:8:      lemuel_round_altar, blue_anna_alchemist
